Map: Alcyone LE

Players

HeyWazzup

  • Race: Protoss Protoss
  • League: Gold
  • Spawn Location: 1:00

DrZero - Winner!

  • Race: Terran Terran
  • League: Silver
  • Spawn Location: 7:00

VOD

Have the link to the VOD?

Description

Time

  • Played on: March 12, 2024, 7:35 a.m.
  • Length: 10:50
Show
View Real Time Build Order
Export as new Build Order

HeyWazzup Protoss 

Build Orders:  

Get SALT Encoding   

  12  0:13  Pylon  
  12  0:14  Probe  
  12  0:20  Assimilator  
  13  0:35  Gateway  
  13  0:38  Probe (Chrono Boost)  
  15  0:50  Probe (Chrono Boost)  
  15  0:57  Probe (Chrono Boost)  
  15  1:01  Assimilator  
  16  1:04  Probe  
  17  1:16  Probe  
  18  1:28  Cybernetics Core  
  18  1:29  Probe  
  19  1:41  Probe  
  20  1:53  Pylon, Probe  
  21  2:05  Probe  
  22  2:11  Stargate  
  22  2:14  Stargate  
  22  2:15  Stalker (Chrono Boost)  
  24  2:28  Pylon  
  24  2:36  Probe  
  29  3:08  Void Ray (Chrono Boost)  
  33  3:15  Void Ray (Chrono Boost)  
  33  3:23  Forge  
  27  3:58  Photon Cannon  
  27  4:04  Photon Cannon  
  35  4:18  Void Ray x2 (Chrono Boost)  
  35  4:37  Probe  
  28  5:55  Pylon  
  28  5:59  Photon Cannon  
  28  6:09  Pylon  
  31  6:25  Stalker (Chrono Boost)  
  27  6:55  Photon Cannon  
  27  6:59  Photon Cannon  
  23  7:19  Pylon  
  23  7:29  Pylon  
  23  7:33  Pylon  
  23  7:53  Photon Cannon  
  23  7:54  Photon Cannon  
  23  7:58  Photon Cannon  
  23  8:01  Gateway  
  23  8:07  Gateway  
  23  8:10  Pylon  
  23  8:20  Forge  
  23  8:29  Photon Cannon  
  23  8:38  Gateway  
  23  8:43  Gateway  
  23  8:48  Photon Cannon  
  23  8:52  Zealot  
  25  8:57  Zealot  
  25  9:01  Pylon  
  12  9:19  Zealot  
  12  9:22  Nexus  
  7  9:24  Zealot  
  9  9:38  Cybernetics Core  
  9  9:45  Zealot x2  
  13  9:46  Zealot  
  13  9:51  Zealot  
  17  10:13  Zealot  
  19  10:18  Zealot  
Show
View Real Time Build Order
Export as new Build Order

DrZero Terran - Winner!

Build Orders:  

Get SALT Encoding   

  12  0:00  SCV  
  13  0:17  Supply Depot  
  13  0:20  SCV  
  14  0:32  SCV  
  15  0:48  Supply Depot  
  15  1:04  Barracks  
  15  1:05  SCV  
  16  1:13  Barracks  
  16  1:42  SCV  
  17  1:51  Supply Depot  
  17  1:52  Refinery  
  17  1:55  SCV  
  18  2:04  Barracks  
  18  2:07  SCV  
  18  2:08  Marine  
  20  2:19  SCV  
  21  2:25  Supply Depot  
  21  2:26  Marine  
  22  2:44  Marine  
  23  2:47  Engineering Bay  
  23  2:50  Marine  
  23  3:01  Marine  
  24  3:08  Barracks Tech Lab, Marine  
  25  3:19  Marine  
  26  3:26  Factory, Marine  
  27  3:37  Marine  
  28  3:44  Marine  
  29  3:55  Marine  
  27  4:02  Marine  
  26  4:13  Marine  
  25  4:19  Marine  
  25  4:30  Marine  
  26  4:37  Marine  
  27  4:48  Marine  
  28  4:55  Marine  
  28  5:06  Marine  
  25  5:13  Marine  
  24  5:24  Cyclone, Marine  
  27  5:31  Marine  
  28  5:36  Command Center  
  28  5:42  Marine  
  29  5:45  Combat Shield  
  29  5:49  Marine  
  30  5:56  Cyclone  
  32  5:59  Marine  
  33  6:06  Orbital Command, Marine  
  34  6:14  Factory  
  34  6:17  Marine  
  35  6:24  Marine  
  36  6:35  Marine  
  37  6:42  Marine  
  38  6:53  Marine  
  39  7:00  Marine  
  36  7:08  Cyclone  
  36  7:11  Marine  
  39  7:18  Marine  
  40  7:29  Marine  
  40  7:31  Command Center  
  40  7:35  Marine  
  40  7:41  Cyclone  
  42  7:46  Factory Reactor, Engineering Bay  
  42  7:49  Marine  
  43  7:53  Marine  
  44  8:07  Marine  
  44  8:11  Marine  
  46  8:13  Cyclone  
  46  8:16  Planetary Fortress  
  48  8:21  Refinery  
  48  8:25  Marine  
  49  8:29  Marine  
  50  8:42  Marine  
  50  8:45  Cyclone  
  50  8:47  Marine  
  54  9:00  Marine  
  52  9:04  Marine  
  52  9:08  Orbital Command  
  47  9:17  Cyclone  
  47  9:18  Marine  
  47  9:22  Marine  
  51  9:29  Command Center  
  51  9:59  Marine x2  
  53  10:17  Marine x2  
Tags
 
Matchup
PvT
Spawn Locations
Cross Positions
Add a new tag
Caveats
  • Supply blocks, unpowered buildings, or Contaminate may cause inaccurate times.
  • Supply counts are checked every 10 seconds.